 Dungeon Crawl Stone Soup version 0.29.1-1-gd02db6906a (webtiles) character file.

Game seed: 8709739166854694032

77 hikkokomori the Magician (level 4, 0/25 HPs)
             Began as a Deep Elf Hedge Wizard on Oct 4, 2022.
             Was an Initiate of Gozag.
             Slain by a hound (3 damage)
             ... on level 3 of the Dungeon.
             The game lasted 00:06:25 (2800 turns).

hikkokomori the Magician (Deep Elf Hedge Wizard)    Turns: 2800, Time: 00:06:25

Health: 0/25       AC:  3    Str:  7    XL:     4   Next: 14%
Magic:  3/12       EV: 13    Int: 21    God:    Gozag
Gold:   19         SH:  0    Dex: 14    Spells: 11/12 levels left

rFire   . . .      SeeInvis .   a - +0 dagger
rCold   . . .      Faith    .   (no shield)
rNeg    . . .      Spirit   .   b - +0 robe
rPois   .          Reflect  .   i - +0 helmet
rElec   .          Harm     .   (no cloak)
rCorr   .          Rampage  .   (no gloves)
Will    .....                   (no boots)
Stlth   ++........              (no amulet)
HPRegen 0.08/turn               (no ring)
MPRegen 0.13/turn               (no ring)

@: no status effects
A: no striking features
a: Renounce Religion, Potion Petition, Call Merchant, Bribe Branch


You were on level 3 of the Dungeon.
You worshipped Gozag.
Gozag was noncommittal.
You visited 1 branch of the dungeon, and saw 3 of its levels.

You collected 44 gold pieces.
You paid 25 gold pieces to Gozag.

Inventory:

Hand Weapons
 a - a +0 dagger (weapon)
 k - a +0 battleaxe
 o - a +3 falchion
Missiles
 g - 5 javelins
 p - 6 poisoned darts
Armour
 b - a +0 robe (worn)
 c - a +0 hat
 i - a +0 helmet (worn)
Scrolls
 e - 5 scrolls of identify {unknown}
 h - a scroll of teleportation
 j - 3 scrolls of torment {unknown}
 l - a scroll of magic mapping {unknown}
Potions
 d - a potion of magic
 f - 2 potions of attraction {unknown}
 m - a potion of curing {unknown}
 n - a potion of degeneration {unknown}


   Skills:
 * Level 1.2 Fighting
 + Level 3.1 Dodging
 + Level 3.1 Stealth
 - Level 4.5 Spellcasting
 + Level 1.9 Conjurations
 + Level 2.0 Summonings
 + Level 1.6 Translocations


You had 11 spell levels left.
You knew the following spells:

 Your Spells              Type           Power      Damage    Failure   Level
a - Magic Dart            Conj           48%        1d5       5%          1

Your spell library contained the following spells:

 Spells                   Type           Power      Damage    Failure   Level
 Call Imp                 Summ           13%        N/A       8%          2
 Blink                    Tloc           22%        N/A       9%          2
 Slow                     Hex            16%        N/A       12%         1
 Conjure Flame            Conj/Fire      8%         6-21      22%         3
 Portal Projectile        Hex/Tloc       16%        N/A       24%         3
 Mephitic Cloud           Conj/Pois/Air  7%         N/A       26%         3
 Tukima's Dance           Hex            4%         N/A       34%         3
 Blade Hands              Tmut           2%         N/A       97%         5


Dungeon Overview and Level Annotations

Branches:
Dungeon (3/15)

Altars:
Gozag


Message History

Casting: Magic Dart (safe; 5% risk of failure)
Confirm with . or Enter, or press ? or * to list all spells.
Aiming: Magic Dart (safe; 5% risk of failure)
Press: ? - help, Shift-Dir - straight line, f/p - hound
Aim: a hound (moderately wounded, 100% to hit)
The magic dart hits the hound but does no damage.
The hound is moderately wounded.
The hound bites you.
* * * LOW HITPOINT WARNING * * *
Unknown command.
Casting: Magic Dart (safe; 5% risk of failure)
Confirm with . or Enter, or press ? or * to list all spells.
Aiming: Magic Dart (safe; 5% risk of failure)
Press: ? - help, Shift-Dir - straight line, f/p - hound
Aim: a hound (moderately wounded, 100% to hit)
The magic dart hits the hound.
The hound is heavily wounded.
The hound bites you.
* * * LOW HITPOINT WARNING * * *
The hound bites you.
* * * LOW HITPOINT WARNING * * *
Casting: Magic Dart (safe; 5% risk of failure)
Confirm with . or Enter, or press ? or * to list all spells.
Aiming: Magic Dart (safe; 5% risk of failure)
Press: ? - help, Shift-Dir - straight line, f/p - hound
Aim: a hound (heavily wounded, 100% to hit)
The magic dart hits the hound.
The hound is severely wounded.
The hound misses you.
Unknown command.
Casting: Magic Dart (safe; 5% risk of failure)
Confirm with . or Enter, or press ? or * to list all spells.
Aiming: Magic Dart (safe; 5% risk of failure)
Press: ? - help, Shift-Dir - straight line, f/p - hound
Aim: a hound (severely wounded, 100% to hit)
The magic dart hits the hound.
The hound is severely wounded.
The hound closely misses you. The hound bites you.
You die...
Your body crumbles into a pile of gold.

## #..#.# .# $
#..#. .. $
#.#..#$#.
.#...#. #...#
##...# #....#
#h# #
########@##..#.#
#..............#
#.########.....#
#.# ..####
#####.# .#
#.....# .#
#.##### #
#.###.########
#.............


You could see a hound.

Vanquished Creatures
  Robin (D:2)
  2 adders (D:2)
  3 ball pythons
  4 bats
  3 endoplasms
  2 giant cockroaches (D:1)
  10 goblins
  10 hobgoblins
  2 quokkas (D:1)
  2 frilled lizards
  A kobold (D:1)
  2 rats (D:1)
42 creatures vanquished.

Notes
Turn   | Place    | Note
-------+----------+-------------------------------------------
     0 | D:1      | hikkokomori the Deep Elf Hedge Wizard began the quest for
                  | the Orb.
     0 | D:1      | Reached XP level 1. HP: 10/10 MP: 7/7
   176 | D:1      | Reached XP level 2. HP: 8/16 MP: 7/9
   837 | D:1      | Found a faded altar of an unknown god.
  1272 | D:2      | Reached XP level 3. HP: 16/20 MP: 11/11
  1422 | D:2      | Reached skill level 1 in Fighting
  1835 | D:2      | Noticed Robin
  2073 | D:2      | Killed Robin
  2074 | D:2      | Reached XP level 4. HP: 14/25 MP: 3/12
  2693 | D:3      | Found an opulent altar of Gozag.
  2710 | D:3      | Became a worshipper of Gozag Ym Sagoz the Greedy
  2800 | D:3      | Slain by a hound

Illustrated notes

Levels and vault maps discovered:
D:1:      dpeg_arrival_simpleton_c, layout_loops_ring, basic_ecumenical_altar
D:2:      layout_loops_ring, uniq_robin
D:3:      layout_loops_ring, grunt_gozag_breadcrumbs, minmay_puff, uniq_ijyb,
          uniq_crazy_yiuf_cottage

Skill      XL: |  1  2  3 |
---------------+----------+-----
Fighting       | 1 |  1.2
Stealth        | 3 |  3.1
Dodging        | 3 |  3.1
Summonings     | 2 |  2.0
Spellcasting   | |  4.5
Conjurations   | |  1.9
Translocations | |  1.6

Action                   |  1- 3 |  4- 6 || total
-------------------------+-------+-------++-------
Melee: Dagger            |    17 |    12 ||    29
 Cast: Magic Dart        |    87 |    26 ||   113
  Use: Scroll            |     1 |       ||     1
 Stab: Sleeping          |     2 |       ||     2
Armor: Robe              |    11 |     3 ||    14
Dodge: Dodged            |    25 |    12 ||    37
